 Dungeon Crawl Stone Soup version 0.29.1-1-gd02db6906a (webtiles) character file.

Game seed: 751224987696102215

42 Homeless the Ruffian (level 3, -2/29 HPs)
             Began as a Mummy Monk on Oct 18, 2022.
             Slain by an adder (4 damage)
             ... on level 2 of the Dungeon.
             The game lasted 00:04:26 (4520 turns).

Homeless the Ruffian (Mummy Monk)                   Turns: 4520, Time: 00:04:27

Health: -2/29      AC:  0    Str: 16    XL:     3   Next: 35%
Magic:  3/3        EV: 12    Int:  9    God:
Gold:   55         SH:  0    Dex: 14    Spells: 2/2 levels left

rFire   x . .      SeeInvis .     - Unarmed
rCold   + . .      Faith    .   (no shield)
rNeg    + + +      Spirit   .   (no body armour)
rPois   ∞          Reflect  .   (no helmet)
rElec   .          Harm     .   (no cloak)
rCorr   .          Rampage  .   (no gloves)
Will    .....                   (no boots)
Stlth   ++........              (no amulet)
HPRegen 0.09/turn               (no ring)
MPRegen 0.08/turn               (no ring)

@: no status effects
A: cold resistance 1, negative energy resistance 3, torment resistance 2, heat
vulnerability 1, in touch with death 1, no potions
a: no special abilities


You were on level 2 of the Dungeon.
You visited 1 branch of the dungeon, and saw 2 of its levels.

You collected 55 gold pieces.

Inventory:

Scrolls
 d - a scroll of immolation


   Skills:
 - Level 3.0 Fighting
 - Level 2.4 Dodging
 - Level 1.5 Stealth
 * Level 3.7 Unarmed Combat


You had 2 spell levels left.
You didn't know any spells.
Your spell library contained the following spells:

 Spells                   Type           Power      Damage    Failure   Level
 Slow                     Hex            0%         N/A       38%         1
 Confusing Touch          Hex            0%         N/A       77%         3
 Vampiric Draining        Necr           0%         2d6       77%         3


Dungeon Overview and Level Annotations

Branches:
Dungeon (2/15)

Altars:
Makhleb


Innate Abilities, Weirdness & Mutations

You are immune to poison.
Your flesh is cold resistant. (rC+)
You are immune to negative energy. (rN+++)
You are immune to unholy pain and torment.
You are vulnerable to heat. (rF-)
You are in touch with the powers of death.
You do not drink.


Message History

The adder is moderately wounded.
The adder bites you. The adder closely misses you.
You miss the adder.
The adder is moderately wounded.
The adder bites you.
You hit the adder.
The adder is moderately wounded.
The adder bites you.
You barely miss the adder.
The adder is moderately wounded.
The adder bites you.
You closely miss the adder.
The adder is moderately wounded.
The adder closely misses you.
You closely miss the adder.
The adder is moderately wounded.
The adder closely misses you. The adder bites you.
You barely miss the adder.
The adder is moderately wounded.
The adder bites you.
You miss the adder.
The adder is moderately wounded.
The adder barely misses you.
You barely miss the adder.
The adder is moderately wounded.
The adder bites you.
* * * LOW HITPOINT WARNING * * *
You barely miss the adder.
The adder is moderately wounded.
The adder bites you.
* * * LOW HITPOINT WARNING * * *
The adder bites you.
* * * LOW HITPOINT WARNING * * *
Okay, then.
Really read the scroll of immolation?
Okay, then.
The air fills with toxic fumes!
As you read the scroll of poison, it crumbles to dust.
The adder bites you.
You die...

................[.# #........#
.............###§§####........#
.####...######
#§§..##........### ## #...#
#§##.##........... # #...#
#§##.##.#####.#### .......
#§##.......##.#### .#...#. #
#§##.#####.##.##..
§####§#§##§## #.##.....
§§§§§§§@S§§§# #.##.##.#
§####§###§§§# #.##..... §§
#.§§####..(...[# #§
##.§§§...##.#### #§
##########.#### # #[.... ######


You could see an adder.

Vanquished Creatures
  An adder (D:2)
  A dart slug (D:1)
  A worm (D:2)
  3 endoplasms
  4 goblins
  4 hobgoblins
  A quokka (D:1)
  A ball python (D:2)
  A bat (D:2)
  3 frilled lizards
  3 kobolds
  6 rats
29 creatures vanquished.

Notes
Turn   | Place    | Note
-------+----------+-------------------------------------------
     0 | D:1      | Homeless the Mummy Monk began the quest for the Orb.
     0 | D:1      | Reached XP level 1. HP: 18/18 MP: 1/1
   831 | D:1      | Reached XP level 2. HP: 13/24 MP: 2/2
  3483 | D:2      | Found a burning altar of Makhleb.
  3785 | D:2      | Gained mutation: You are in touch with the powers of death.
                  | [Mummy growth]
  3785 | D:2      | Reached XP level 3. HP: 4/29 MP: 3/3
  4519 | D:2      | HP: 1/29 [adder (2)]
  4520 | D:2      | Slain by an adder

Illustrated notes

Levels and vault maps discovered:
D:1:      lightli_molten_gateway, layout_loops_ring
D:2:      layout_loops_cross, ebering_ecumenical_altar_webs, basic_altar,
          nicolae_concentric_dashed_squares_mild

Skill      XL: |  1  2 |
---------------+-------+-----
Unarmed Combat | 3 |  3.7
Fighting       | |  3.0
Dodging        | |  2.4
Stealth        | |  1.5

Action                   || total
-------------------------++-------
Melee: Unarmed           ||   128
       Punch             ||     2
  Use: Scroll            ||     7
 Stab: Sleeping          ||     1
Dodge: Dodged            ||    49
